 Dungeon Crawl Stone Soup version 0.18.1-6-gd335043 (webtiles) character file.

154 Leszczynek the Slasher (level 5, 0/41 HPs)
             Began as a Human Chaos Knight on May 18, 2016.
             Succumbed to an adder's poison
             ... on level 3 of the Dungeon.
             The game lasted 00:06:55 (1712 turns).

Leszczynek the Slasher (Human Chaos Knight)         Turns: 1712, Time: 00:06:56

Health: 0/41       AC:  3    Str: 18    XL:     5   Next: 62%
Magic:  5/5        EV: 11    Int: 18    God:    Xom [..*...]
Gold:   96         SH:  0    Dex: 12    Spells: 0 memorised, 4 levels left

rFire  + . .     SeeInvis .     a - +0 falchion (chaos)
rCold  + . .     Gourm    .     p - +2 leather armour
rNeg   . . .     Faith    .     (no shield)
rPois  +         Spirit   .     (helmet restricted)
rElec  +         Dismiss  .     (no cloak)
rCorr  +         Reflect  .     (no gloves)
SustAt .         Harm     .     (no boots)
MR     +....                    k - amulet of magic regeneration
Stlth  +.........               (no ring)
                                e - ring of protection from magic

@: mighty, brilliant, lethally poisoned (0 -> -3), resistant, somewhat resistant
to hostile enchantments, very unstealthy
A: beak, deformed body
a: Renounce Religion


You were on level 3 of the Dungeon.
You worshipped Xom.
You were a toy of Xom.
You were hungry.

You visited 1 branch of the dungeon, and saw 3 of its levels.

You collected 96 gold pieces.

Inventory:

Hand Weapons
 a - a +0 falchion of chaos (weapon)
 b - a +0 dagger of venom
Missiles
 m - 12 arrows
Armour
 p - a +2 leather armour (worn)
Jewellery
 e - a ring of protection from magic (left hand)
 k - an amulet of magic regeneration (around neck)
Wands
 f - a wand of digging (10/24)
Scrolls
 h - a scroll of identify {unknown}
 i - a scroll of magic mapping {unknown}
 j - a scroll of fog
Comestibles
 c - 3 bread rations
 d - 6 chunks of flesh
 g - 3 fruits


   Skills:
 - Level 3.0 Fighting
 + Level 5.9 Long Blades
 - Level 2.0 Armour
 - Level 1.0 Dodging


You had 4 spell levels left.
You didn't know any spells.

Dungeon Overview and Level Annotations

Branches:
Dungeon (3/15)

Altars:
Nemelex Xobeh


Innate Abilities, Weirdness & Mutations

You have a beak for a mouth.
Armour fits poorly on your strangely shaped body.


Message History

The adder seems less confused.
The adder bites you but does no damage.
You are too injured to fight recklessly!
You closely miss the adder. Your peck misses the adder. The adder misses you.
You closely miss the adder. The adder bites you.
* * * LOW HITPOINT WARNING * * *
You are lethally poisoned!
The adder poisons you! The adder closely misses you.
You barely miss the adder.
* * * LOW HITPOINT WARNING * * *
You feel sick. The adder misses you.
You slash the adder!
You kill the adder!
You are feeling hungry.
* * * LOW HITPOINT WARNING * * *
You feel sick.
Found a scroll labeled ANAILE QURUA.
Read which item? (? for menu, Esc to quit)
Okay, then.
You die...
Xom laughs nastily!

.# ##...##.......)..#....
.# #..#.##..........# ...
.# #.##.##..........# ...
.# #.##.##..........# ...
.###....##.<........# ....
.....###########...##.....
....## ######..#.##.....
.....# #.........#......
.....# #......@.........
.....#####................
...................##.....
...................# .##..
.....#####............
.....# ...........###
.....# .....####.## .....#
..... #.# ..(..... ?....
#.#


There were no monsters in sight!

Vanquished Creatures
  A centaur skeleton (D:3)
  4 adders
  2 gnolls
  An ooze (D:3)
  3 dart slugs (D:1)
  3 giant geckos
  2 ball pythons (D:2)
  2 giant cockroaches (D:2)
  5 goblins
  10 hobgoblins
  A hobgoblin (shapeshifter) (D:2)
  10 bats
  A giant newt (D:1)
  6 kobolds
  5 rats
56 creatures vanquished.

Vanquished Creatures (collateral kills)
  An ooze (D:1)
  A giant newt (D:1)
2 creatures vanquished.

Grand Total: 58 creatures vanquished

Notes
Turn   | Place    | Note
--------------------------------------------------------------
     0 | D:1      | Leszczynek the Human Chaos Knight began the quest for the Orb.
     0 | D:1      | Reached XP level 1. HP: 18/18 MP: 1/1
    67 | D:1      | Reached XP level 2. HP: 6/24 MP: 2/2
    71 | D:1      | XOM: harmless Fire miscast
   156 | D:1      | XOM: potion effect (berserk rage)
   159 | D:1      | Reached skill level 4 in Long Blades
   159 | D:1      | Reached XP level 3. HP: 25/29 MP: 3/3
   216 | D:1      | XOM: god gift: jewelled brass wand {god gift}
   290 | D:1      | XOM: harmless Summ miscast
   475 | D:1      | XOM: blink monster(s)
   727 | D:2      | XOM: confuse monster(s)
   729 | D:2      | Reached XP level 4. HP: 35/35 MP: 4/4
   840 | D:2      | XOM: 1-stop teleportation journey
   961 | D:2      | XOM: god gift: fizzy sapphire potion
   993 | D:2      | XOM: colour smoke trail
  1014 | D:2      | Reached skill level 5 in Long Blades
  1207 | D:2      | XOM: god gift: short sword {god gift}
  1293 | D:2      | Found a sparkling altar of Nemelex Xobeh.
  1536 | D:2      | Reached XP level 5. HP: 35/41 MP: 5/5
  1540 | D:2      | XOM: butterfly on damage
  1675 | D:3      | HP: 4/41 [centaur skeleton (6)]
  1682 | D:3      | HP: 1/41 [poisoned by a gnoll]
  1700 | D:3      | Gained mutation: You have a beak for a mouth. [potion of mutation]
  1700 | D:3      | Gained mutation: Armour fits poorly on your strangely shaped body. [potion of mutation]
  1700 | D:3      | XOM: confuse monster(s)
  1707 | D:3      | HP: 3/41 [adder (2)]
  1710 | D:3      | HP: 1/41 [poisoned by an adder]
  1712 | D:3      | Succumbed to an adder's poison

Skill      XL: |  1  2  3  4 |
---------------+-------------+-----
Long Blades    | 4 5 |  5.9
Fighting       | |  3.0
Armour         | |  2.0
Dodging        | |  1.0

Action                   |  1- 3 |  4- 6 || total
-------------------------+-------+-------++-------
Melee: Falchion          |    80 |    89 ||   169
       Dagger            |       |     2 ||     2
  Use: Scroll            |     2 |       ||     2
       Potion            |       |     4 ||     4
 Stab: Petrifying        |       |     1 ||     1
  Eat: Chunk             |       |     3 ||     3
Armor: Leather armour    |    37 |    43 ||    80
Dodge: Dodged            |    52 |    47 ||    99
